 Dungeon Crawl Stone Soup version 0.21.1-1-g345015f (webtiles) character file.

319 Fang the Skirmisher (level 6, -5/39 HPs)
             Began as a Gargoyle Berserker on June 4, 2018.
             Was a Believer of Trog.
             Slain by NewPlayer's ghost (21 damage)
             ... on level 4 of the Dungeon.
             The game lasted 00:04:35 (2381 turns).

Fang the Skirmisher (Gargoyle Berserker)            Turns: 2381, Time: 00:04:36

Health: -5/39      AC:  6    Str: 23    XL:     6   Next: 46%
Magic:  6/6        EV: 16    Int:  7    God:    Trog [**....]
Gold:   263        SH:  0    Dex:  9    Spells: 5/5 levels left

rFire    . . .     SeeInvis .   a - +0 hand axe
rCold    . . .     Gourm    .   (no shield)
rNeg     + . .     Faith    .   b - +0 animal skin
rPois    ∞         Spirit   .   (no helmet)
rElec    +         Reflect  .   (no cloak)
rCorr    .         Harm     .   (no gloves)
MR       .....                  (no boots)
Stlth    +.........             f - amulet of regeneration
HPRegen  0.53/turn              o - +3 ring of evasion
MPRegen  0.10/turn              (no ring)

@: berserk cooldown, slowed, very slow
A: negative energy resistance 1, electricity resistance, unbreathing,
petrification resistance, rot immunity, AC +4
a: Berserk, Trog's Hand, Burn Spellbooks, Renounce Religion


You were on level 4 of the Dungeon.
You worshipped Trog.
Trog was pleased with you.
You were hungry.

You visited 1 branch of the dungeon, and saw 4 of its levels.

You collected 263 gold pieces.

Inventory:

Hand Weapons
 a - a +0 hand axe (weapon)
Armour
 b - a +0 animal skin (worn)
Jewellery
 f - an amulet of regeneration (around neck)
 o - a +3 ring of evasion (left hand)
Scrolls
 e - 2 scrolls of amnesia {unknown}
 i - 2 scrolls of identify
 j - 3 scrolls of teleportation {unknown}
 l - 5 scrolls of remove curse {unknown}
 m - a scroll of enchant weapon {unknown}
 q - a scroll of magic mapping {unknown}
 r - a scroll of blinking {unknown}
 t - a scroll of fear {unknown}
Potions
 d - a potion of cancellation
 g - a potion of haste {unknown}
 h - 2 potions of curing {unknown}
 k - a potion of lignification {unknown}
 n - a potion of might {unknown}
 p - a potion of magic {unknown}
Comestibles
 c - 5 rations


   Skills:
 + Level 4.6 Fighting
 + Level 4.6 Axes
 + Level 2.4 Armour
 + Level 3.1 Dodging
 + Level 1.1 Stealth


You had 5 spell levels left.
You didn't know any spells.

Dungeon Overview and Level Annotations

Branches:
Dungeon (4/15)
 Temple: D:4-7

Altars:
Gozag
Vehumet

Annotations:
D:4 exclusion: statue, Grinder; NewPlayer's ghost, novice OgBe


Innate Abilities, Weirdness & Mutations

You are resistant to torment.
Your stone body is resilient. (AC +4)
You are immune to poison.
You resist negative energy. (rN+)
You are resistant to electric shocks. (rElec)
You can survive without breathing.
You are immune to petrification.
You are immune to rotting.


Message History

NewPlayer's ghost is moderately damaged.
NewPlayer's ghost hits you.
You hit NewPlayer's ghost.
NewPlayer's ghost is moderately damaged.
NewPlayer's ghost hits you!
You slash NewPlayer's ghost!
NewPlayer's ghost is moderately damaged.
You are no longer berserk.
You are exhausted.
You feel yourself slow down.
NewPlayer's ghost whispers, "The ORB doesn't exist."
NewPlayer's ghost completely misses you.
NewPlayer's ghost hits you!
Okay, then.
As you read the scroll labeled TOTITE BISIHYN, it crumbles to dust.
It is a scroll of identify.
d - a potion of cancellation NewPlayer's ghost barely misses you.
NewPlayer's ghost hits you!!
Ouch! That really hurt!
You die...

#####...####
##.## #.##
#####..##
#........##
..........##
#########..#
.....#..#
8._....W@#
......#.........
#######.#####...
..# .... #####


You could see NewPlayer's ghost.

Vanquished Creatures
  The ghost of pvtfrost the Shield-Bearer, an amateur DgFi (D:3)
  A hound (D:4)
  2 worker ants
  8 gnolls
  3 adders (D:3)
  An ooze (D:3)
  A worm (D:3)
  2 dart slugs
  2 leopard geckos (D:3)
  6 bats
  4 giant cockroaches
  3 goblins
  3 hobgoblins
  2 jackals (D:3)
  A quokka (D:3)
  A frilled lizard (D:1)
  A jackal skeleton (D:4)
  5 kobolds
  3 rats (D:1)
50 creatures vanquished.

Notes
Turn   | Place    | Note
-------+----------+-------------------------------------------
     0 | D:1      | Fang the Gargoyle Berserker began the quest for the Orb.
     0 | D:1      | Reached XP level 1. HP: 14/14 MP: 1/1
   165 | D:1      | Reached XP level 2. HP: 18/19 MP: 2/2
   745 | D:2      | Found an opulent altar of Gozag.
   793 | D:2      | Reached XP level 3. HP: 24/24 MP: 3/3
   796 | D:2      | Reached XP level 4. HP: 27/29 MP: 4/4
  1498 | D:3      | Reached ** piety under Trog
  1644 | D:3      | Reached XP level 5. HP: 30/33 MP: 5/5
  1943 | D:3      | Noticed pvtfrost's ghost (amateur DgFi)
  1964 | D:3      | Killed pvtfrost's ghost
  1964 | D:3      | Reached skill level 1 in Stealth
  1964 | D:3      | Reached XP level 6. HP: 39/39 MP: 6/6
  2304 | D:4      | Noticed Grinder
  2368 | D:4      | Noticed NewPlayer's ghost (novice OgBe)
  2370 | D:4      | Found a radiant altar of Vehumet.
  2381 | D:4      | Slain by NewPlayer's ghost

Skill      XL: |  1  2  3  4  5 |
---------------+----------------+-----
Axes           | 3 4 |  4.6
Dodging        | 2 3 |  3.1
Fighting       | 4 |  4.6
Stealth        | 1 |  1.1
Armour         | |  2.4

Action                   |  1- 3 |  4- 6 || total
-------------------------+-------+-------++-------
Melee: Hand axe          |    71 |   139 ||   210
Invok: Berserk           |     1 |     3 ||     4
  Use: Scroll            |       |     1 ||     1
 Stab: Sleeping          |     1 |     1 ||     2
  Eat: Chunk             |       |     7 ||     7
Armor: Animal skin       |    34 |    37 ||    71
Dodge: Dodged            |    71 |   114 ||   185
